 Dungeon Crawl Stone Soup version 0.25-a0-294-gea9b1ad (webtiles) character file.

Game seed: 17855531365960889013, levelgen mode: deterministic

6869 15 the Zephyrmancer (level 11, -6/58 HPs)
             Began as a Tengu Air Elementalist on Dec 17, 2019.
             Was a Believer of Vehumet.
             Shot with an arrow by a centaur warrior (19 damage)
             ... on level 10 of the Dungeon.
             The game lasted 01:12:46 (10898 turns).

15 the Zephyrmancer (Tengu Air Elementalist)       Turns: 10898, Time: 01:12:47

Health: -6/58      AC:  4    Str: 11    XL:     11   Next: 6%
Magic:  2/22       EV: 22    Int: 16    God:    Vehumet [**....]
Gold:   489        SH:  0    Dex: 21    Spells: 5/23 levels left

rFire    . . .     SeeInvis .   n - +0 battleaxe
rCold    . . .     Gourm    .   (shield currently unavailable)
rNeg     . . .     Faith    .   a - +1 robe
rPois    .         Spirit   .   b - +1 hat
rElec    .         Reflect  .   (no cloak)
rCorr    .         Harm     .   (no gloves)
MR       .....                  (boots unavailable)
Stlth    +++.......             (no amulet)
HPRegen  0.19/turn              p - +2 ring of slaying
MPRegen  0.18/turn              F - +6 ring of dexterity

@: flying quickly and evasively, quick
A: beak, talons 3, able to fly
a: Stop Flying, Renounce Religion


You were on level 10 of the Dungeon.
You worshipped Vehumet.
Vehumet was pleased with you.
You were not hungry.

You visited 2 branches of the dungeon, and saw 11 of its levels.

You collected 489 gold pieces.

Inventory:

Hand Weapons
 d - a +5 club
 h - a +0 short sword
 i - a +0 long sword
 n - a +0 battleaxe (weapon)
 s - a +0 hand crossbow
 v - a +1 whip of electrocution
 C - a +1 spear of piercing
Missiles
 t - 354 stones (quivered)
 x - 37 bolts
Armour
 a - a +1 robe (worn)
 b - a +1 hat (worn)
 z - a +2 shield
Jewellery
 m - an uncursed ring of protection from cold
 p - a +2 ring of slaying (left hand)
 F - a +6 ring of dexterity (right hand)
Wands
 l - a wand of clouds (8)
 o - a wand of acid (4)
 q - a wand of polymorph (37)
 A - a wand of flame (36)
 H - a wand of paralysis (5)
Scrolls
 g - a scroll of amnesia
 j - 8 scrolls of remove curse
 w - a scroll of blinking
 y - a scroll of acquirement {unknown}
 B - 2 scrolls of fear
 G - a scroll of magic mapping {unknown}
 J - a scroll of teleportation
Potions
 e - a potion of heal wounds
 f - a potion of brilliance
 k - 2 potions of haste
 r - a potion of curing
 E - a potion of cancellation {unknown}
Comestibles
 c - 21 rations
 u - 10 chunks of flesh


   Skills:
 * Level 2.4 Fighting
 * Level 3.9(4.2) Axes
 + Level 2.0(3.2) Maces & Flails
 + Level 0.8 Crossbows
 * Level 5.8 Armour
 * Level 7.4 Dodging
 * Level 3.2 Stealth
 + Level 6.6 Spellcasting
 * Level 9.3 Conjurations
 + Level 1.7 Necromancy
 + Level 11.2 Air Magic
 + Level 0.2 Earth Magic
 + Level 0.4 Poison Magic


You had 5 spell levels left.
You knew the following spells:

 Your Spells              Type           Power        Failure   Level  Hunger
a - Mephitic Cloud        Conj/Pois/Air  ####....     2%          3    ##.....
b - Swiftness             Chrm/Air       ###.....     1%          2    None
c - Static Discharge      Conj/Air       #####...     1%          3    ##.....
d - Airstrike             Air            #####.....   1%          4    ####...
e - Animate Skeleton      Necr           N/A          6%          1    None
g - Searing Ray           Conj           #####.       1%          2    None
h - Stone Arrow           Conj/Erth      ###...       5%          3    ##.....

Your spell library contained the following spells:

 Spells                   Type           Power        Failure   Level  Hunger
 Shock                    Conj/Air       ####         1%          1    None
 Poisonous Vapours        Pois/Air       ###...       1%          2    None
 Lightning Bolt           Conj/Air       #####.....   5%          5    #####..
 Sting                    Tmut/Pois      #...         12%         1    None
 Apportation              Tloc           #.....       13%         1    None
 Confusing Touch          Hex            #.....       13%         1    None
 Summon Small Mammal      Summ           #...         13%         1    None
 Ignite Poison            Fire/Tmut/Pois #.......     36%         3    ##.....
 Olgreb's Toxic Radiance  Pois           #.......     73%         4    ####...


Dungeon Overview and Level Annotations

Branches:
Dungeon (10/15)            Temple (1/1) D:4            Lair (0/6) D:10
    Orc: D:9-12

Altars:
Ashenzari
Cheibriados
Dithmenos
Elyvilon
Fedhas
Gozag
Hepliaklqana
Kikubaaqudgha
Makhleb
Nemelex Xobeh
Okawaru
Qazlal
Ru
Sif Muna
Trog
Uskayaw
Vehumet
Wu Jian
Xom
Yredelemnul
Zin
The Shining One

Shops:
D:5 :   D:9 (

Annotations:
D:10 3 runed translucent doors, Dittersdorf's ghost, journeyman GrFi


Innate Abilities, Weirdness & Mutations

You have a beak for a mouth.
You have claws for feet.
You can fly continuously.


Message History

Confirm with . or Enter, or press ? or * to list all spells.
Aiming: Airstrike (safe; 1% risk of failure)
Press: ? - help, Dir - move target cursor, f/p - centaur warrior
Aim: a centaur warrior, wielding a +0 longbow and quivering 25 arrows (heavily wounded)
The air twists around and strikes the centaur warrior!
The centaur warrior is heavily wounded.
The centaur warrior shoots an arrow.
The arrow hits you!!
The centaur warrior shoots an arrow.
The arrow closely misses you.
Casting: Airstrike (safe; 1% risk of failure)
Confirm with . or Enter, or press ? or * to list all spells.
Aiming: Airstrike (safe; 1% risk of failure)
Press: ? - help, Dir - move target cursor, f/p - centaur warrior
Aim: a centaur warrior, wielding a +0 longbow and quivering 23 arrows (heavily wounded)
The air twists around and strikes the centaur warrior!
The centaur warrior is almost dead.
The centaur warrior shoots an arrow.
The arrow closely misses you.
The centaur warrior shoots an arrow.
The arrow hits you!!
* * * LOW HITPOINT WARNING * * *
The centaur warrior shoots an arrow.
The arrow hits you!!
You die...

#....######........##..
#....'#.#.#..c#....'...
#....#.#.#.#'#.....'...
#.....#.#.#.#.#....##..
#.#.#.#.#.#.#...)..##'
#.#.#.#.#.#(#....##..
#####
#.#.#.#(#.#......#..
...#
#.#.#.#.#.#....####
..#####.##
#@#.#.#.#.#.#.#..[
......O.<#
#.#########)#.#Z#.#
........## #.#
#.#.#.#.#.#.#.#.
.[.....s# #.#
#.....#..#.#.#.#
........# #.#
##$...+)#.#.#.#.
........##.#
#.(Z..+..#.#.#.#
......)####.#
##%$..+.#.#.#.#.
..$...† .#.#
#...Z.#..#.#.#'.
....... ##.#.#
#.#.#.#.#.#.#.#.


You could see a centaur warrior.

Vanquished Creatures
  A two-headed ogre (D:9)
  An unseen horror (D:10)
  Pikel (D:5)
  Psyche (D:10)
  A troll (D:9)
  Grinder (D:6)
  A hippogriff (D:10)
  Menkaure (D:5)
  A sky beast (D:10)
  An orc warrior (D:8)
  4 phantoms
  A black bear (D:6)
  An ice beast (D:6)
  A necrophage (D:7)
  10 ogres
  3 centaurs
  5 bullfrogs
  A big kobold (D:10)
  3 scorpions
  11 killer bees
  A howler monkey (D:5)
  2 crimson imps
  3 hounds
  A gnoll shaman (D:3)
  An orc wizard (D:9)
  4 centaur skeletons
  A bullfrog skeleton (D:4)
  10 worker ants
  A hound skeleton (D:6)
  2 worker ant zombies
  Robin (D:3)
  6 gnolls
  A howler monkey skeleton (D:8)
  12 adders
  3 shadow imps
  3 oozes
  2 adder skeletons
  A worm (D:3)
  3 dart slugs
  2 leopard geckos
  22 orcs
  A ball python (D:6)
  10 bats
  A giant cockroach (D:4)
  13 goblins
  11 hobgoblins
  18 jackals
  2 quokkas
  6 frilled lizards
  A giant cockroach zombie (D:6)
  9 kobolds
  A quokka skeleton (D:4)
  7 rats
212 creatures vanquished.

Vanquished Creatures (collateral kills)
  A bullfrog (D:9)
  A scorpion (D:8)
  An orc wizard (D:10)
  2 hounds
  A howler monkey zombie (D:9)
  A howler monkey skeleton (D:10)
  2 orcs (D:10)
9 creatures vanquished.

Vanquished Creatures (others)
  A crimson imp (D:5)
  2 orcs (D:5)
  A plant (D:10)
4 creatures vanquished.

Grand Total: 225 creatures vanquished

Notes
Turn   | Place    | Note
-------+----------+-------------------------------------------
     0 | D:1      | 15 the Tengu Air Elementalist began the quest for the Orb.
     0 | D:1      | Reached XP level 1. HP: 10/10 MP: 4/4
   155 | D:1      | Reached XP level 2. HP: 8/15 MP: 1/6
   189 | D:1      | Learned a level 2 spell: Swiftness
   688 | D:2      | Reached XP level 3. HP: 19/19 MP: 5/7
   693 | D:2      | Learned a level 3 spell: Static Discharge
   989 | D:2      | Reached skill level 1 in Armour
  1130 | D:2      | Reached XP level 4. HP: 20/24 MP: 2/8
  1454 | D:3      | Found an iron altar of Okawaru.
  1807 | D:3      | Reached skill level 5 in Air Magic
  1943 | D:3      | Gained mutation: You can fly continuously. [Tengu growth]
  1943 | D:3      | Reached XP level 5. HP: 28/28 MP: 4/9
  2144 | D:3      | Reached skill level 1 in Maces & Flails
  2310 | D:3      | Noticed Robin
  2317 | D:3      | Killed Robin
  2589 | D:4      | Noticed a phantom
  2649 | D:4      | Killed a phantom
  2649 | D:4      | Reached XP level 6. HP: 18/32 MP: 1/10
  2785 | D:4      | Learned a level 4 spell: Airstrike
  2840 | D:4      | Got a warped leather armour
  3000 | D:4      | Found a staircase to the Ecumenical Temple.
  3009 | Temple   | Entered the Ecumenical Temple
  3191 | Temple   | Became a worshipper of Vehumet
  3320 | D:4      | Noticed a phantom
  3712 | D:4      | Reached skill level 6 in Air Magic
  3825 | D:4      | Killed a phantom
  3825 | D:4      | Reached XP level 7. HP: 25/37 MP: 0/12
  4022 | D:5      | Entered Level 5 of the Dungeon
  4043 | D:5      | You are sucked into a shaft and drop 3 floors!
  4140 | D:9      | Identified the +2 leather armour "Wegivenk" {*Slow Dex+5}
                  | (You found it on level 4 of the Dungeon)
  4159 | D:9      | Noticed a two-headed ogre
  4324 | D:8      | Reached skill level 5 in Conjurations
  4506 | D:8      | Found a stormy altar of Qazlal.
  4557 | D:8      | Reached skill level 7 in Air Magic
  4623 | D:9      | Reached XP level 8. HP: 19/42 MP: 3/13
  5112 | D:8      | Learned a level 1 spell: Animate Skeleton
  5368 | D:6      | Reached * piety under Vehumet
  5368 | D:6      | Offered knowledge of Sandblast by Vehumet.
  5371 | D:6      | Learned a level 1 spell: Sandblast
  5395 | D:5      | Reached skill level 5 in Dodging
  5395 | D:5      | Reached skill level 8 in Air Magic
  5467 | D:5      | Found Rocren's Book Shop.
  5499 | D:5      | Reached skill level 1 in Axes
  5502 | D:5      | Noticed Pikel
  6153 | D:5      | Noticed Menkaure
  6192 | D:5      | Learned a level 3 spell: Mephitic Cloud
  6236 | D:5      | Killed Pikel
  6236 | D:5      | Reached skill level 9 in Air Magic
  6236 | D:5      | Reached XP level 9. HP: 46/46 MP: 3/16
  6344 | D:5      | Killed Menkaure
  6839 | D:6      | Reached skill level 1 in Fighting
  7660 | D:6      | Reached skill level 10 in Air Magic
  8016 | D:6      | Noticed Grinder
  8022 | D:6      | Killed Grinder
  8223 | D:7      | Found a hazy altar of Hepliaklqana.
  8432 | D:7      | Reached skill level 1 in Necromancy
  8520 | D:7      | Offered knowledge of Searing Ray by Vehumet.
  8524 | D:7      | Learned a level 2 spell: Searing Ray
  8567 | D:7      | Reached ** piety under Vehumet
  8572 | D:7      | Found a glowing silver altar of Zin.
  8572 | D:7      | Found a burning altar of Makhleb.
  8573 | D:7      | Noticed a blizzard demon
  8573 | D:7      | Noticed an angel
  8751 | D:8      | Reached skill level 5 in Spellcasting
  8756 | D:8      | Reached XP level 10. HP: 47/53 MP: 5/18
  8895 | D:8      | Found a sparkling altar of Nemelex Xobeh.
  9273 | D:9      | Reached skill level 5 in Armour
  9803 | D:9      | Killed a two-headed ogre
  9879 | D:9      | Found Umiuchat's Antique Weapon Emporium.
  9962 | D:10     | Entered Level 10 of the Dungeon
 10099 | D:10     | Offered knowledge of Stone Arrow by Vehumet.
 10136 | D:10     | Learned a level 3 spell: Stone Arrow
 10181 | D:10     | Found a runed translucent gate.
 10181 | D:10     | Found a runed translucent gate.
 10194 | D:10     | Noticed Psyche
 10197 | D:10     | Found a runed translucent gate.
 10376 | D:10     | Killed an unseen horror
 10376 | D:10     | Reached skill level 11 in Air Magic
 10644 | D:10     | Noticed Dittersdorf's ghost (journeyman GrFi)
 10644 | D:10     | Noticed a spectral centaur warrior
 10654 | D:10     | Killed Psyche
 10711 | D:10     | Reached XP level 11. HP: 50/57 MP: 4/21
 10850 | D:10     | Found a staircase to the Lair.
 10886 | D:10     | Noticed a centaur warrior
 10898 | D:10     | Shot with an arrow by a centaur warrior

Levels and vault maps discovered:
D:1:      dpeg_arrival_refuge, layout_basic
D:2:      layout_loops_ring
D:3:      layout_basic, lemuel_doored_altar, uniq_robin
D:4:      layout_loops_ring, minmay_temple_entry_statues_fountains,
          first_ration, kennysheep_opposing_triangles
D:5:      layout_basic, serial_shops, shop, uniq_menkaure, uniq_pikel
D:6:      layout_loops_ring, uniq_grinder
D:7:      layout_basic, lemuel_crystal_altar,
          grunt_temple_overflow_order_and_chaos_2
D:8:      layout_rooms, grunt_qazlal_clouds, nemelex_altar_shiori
D:9:      layout_loops_ring, serial_shops, kennysheep_mini, eino_curves_02
D:10:     layout_basic, lair_entry_dummy, gammafunk_ghost_necromancy,
          blue_anna_alchemist [blue_anna_fruit_fields, blue_anna_fruit_fields],
          uniq_psyche
Temple:   regret_index_temple_sphere_string

Skill      XL: |  1  2  3  4  5  6  7  8  9 10 |
---------------+-------------------------------+-----
Conjurations   | 2 3 4 5 6 8 9 |  9.3
Armour         | 1 2 3 4 5 |  5.8
Air Magic      | 5 6 7 9 10 11 | 11.2
Maces & Flails | 1 2 |  2.0
Dodging        | 3 4 5 7 |  7.4
Spellcasting   | 3 4 5 6 |  6.6
Axes           | 2 3 |  3.9
Fighting       | 1 2 |  2.4
Necromancy     | 1 |  1.7
Stealth        | 3 |  3.2
Crossbows      | |  0.8
Earth Magic    | |  0.2
Poison Magic   | |  0.4

Action                   |  1- 3 |  4- 6 |  7- 9 | 10-12 || total
-------------------------+-------+-------+-------+-------++-------
Melee: Whip              |     3 |       |     2 |       ||     5
       Mace              |    14 |     7 |       |       ||    21
       Short sword       |     6 |     1 |       |       ||     7
       Kick              |     6 |    16 |    22 |     8 ||    52
       Peck              |     3 |    10 |    14 |     7 ||    34
       Flail             |       |    24 |       |       ||    24
       Club              |       |    47 |    20 |       ||    67
       Battleaxe         |       |       |    67 |    38 ||   105
       Spear             |       |       |       |     1 ||     1
 Fire: Hand crossbow     |       |       |     5 |     7 ||    12
Throw: Stone             |       |       |     4 |       ||     4
 Cast: Shock             |    45 |   102 |    16 |       ||   163
       Static Discharge  |     1 |     4 |       |     2 ||     7
       Airstrike         |       |     4 |    67 |    49 ||   120
       Animate Skeleton  |       |       |    15 |    15 ||    30
       Sandblast         |       |       |     6 |     3 ||     9
       Mephitic Cloud    |       |       |     2 |     3 ||     5
       Searing Ray       |       |       |       |    10 ||    10
       Stone Arrow       |       |       |       |     2 ||     2
 Abil: Fly               |       |     1 |       |       ||     1
Evoke: Wand              |       |       |     1 |       ||     1
  Use: Scroll            |     5 |     3 |     9 |     3 ||    20
       Potion            |       |     4 |     2 |     2 ||     8
 Stab: Sleeping          |     4 |     1 |     1 |     1 ||     7
       Distracted        |       |       |     1 |       ||     1
       Confused          |       |       |       |     3 ||     3
  Eat: Chunk             |     2 |     7 |    13 |    12 ||    34
       Ration            |       |     1 |     4 |     1 ||     6
Armor: Robe              |     7 |     8 |    16 |    10 ||    41
       Skin              |       |       |       |    15 ||    15
Dodge: Dodged            |    15 |    77 |   104 |    45 ||   241

Table legend:
 A = Non-vault XP
 B = Vault XP
 C = Vault XP percentage of total XP
 D = Non-vault monster count
 E = Vault monster count
 F = Vault count percentage of total count
                 A         B        C        D         E       F
            +---------+---------+-------+---------+---------+-------
      Total |    8212 |    1601 |  16.3 |     205 |      16 |   7.2
            +---------+---------+-------+---------+---------+-------
        D:1 |      32 |       0 |   0.0 |      18 |       0 |   0.0
        D:2 |      59 |       0 |   0.0 |      29 |       0 |   0.0
        D:3 |     131 |      30 |  18.6 |      20 |       8 |  28.6
        D:4 |     526 |      72 |  12.0 |      24 |       3 |  11.1
        D:5 |     661 |     728 |  52.4 |      17 |       2 |  10.5
        D:6 |     852 |     281 |  24.8 |      17 |       1 |   5.6
        D:7 |     539 |       0 |   0.0 |      15 |       0 |   0.0
        D:8 |     810 |       0 |   0.0 |      19 |       0 |   0.0
        D:9 |    2444 |       0 |   0.0 |      25 |       0 |   0.0
       D:10 |    2158 |     490 |  18.5 |      21 |       2 |   8.7
            +---------+---------+-------+---------+---------+-------
